 Dungeon Crawl Stone Soup version 0.23.2-33-g5129a83184 (console) character file.

Game seed: 5721670909336257777

78752 FlyingSalmon the Bludgeoner (level 15, -2/95 HPs)
             Began as a Gargoyle Fighter on July 26, 2019.
             Was the Champion of Okawaru.
             Killed from afar by a starcursed mass (12 damage)
             ... with an accursed screaming
             ... on level 3 of the Abyss.
             The game lasted 02:38:37 (31123 turns).

FlyingSalmon the Bludgeoner (Gargoyle Fighter)     Turns: 31123, Time: 02:38:38

Health: -2/95      AC: 44    Str: 29    XL:     15   Next: 61%
Magic:  18/18      EV: 13    Int: 15    God:    Okawaru [******]
Gold:   1772       SH: 16    Dex: 14    Spells: 14/14 levels left

rFire    + + .     SeeInvis .   b - +1 demon whip of Ubutar {slash, Dex+2}
rCold    + + .     Gourm    .   c - +0 shield
rNeg     + . .     Faith    .   L - +0 crystal plate armour
rPois    ∞         Spirit   .   S - +2 helmet
rElec    +         Reflect  .   A - scarf {rC+ rF+}
rCorr    .         Harm     .   T - +0 pair of gloves {Dex+3}
MR       ++...                  x - +2 pair of boots
Stlth    ..........             m - amulet of rage
HPRegen  0.25/turn              t - ring "Wurogut" {rPois rF+ MR+ Str+4 Int+5}
MPRegen  0.16/turn              z - ring of protection from cold

@: heroism, flying, hasted, very quick
A: big wings, negative energy resistance 1, electricity resistance, unbreathing,
petrification resistance, rot immunity, AC +11
a: Stop Flying, Heroism, Finesse, Renounce Religion, Evoke Berserk Rage


You were on level 3 of the Abyss.
You worshipped Okawaru.
Okawaru was exalted by your worship.
You were hungry.

You visited 3 branches of the dungeon, and saw 19 of its levels.
You visited the Abyss 1 time.

You collected 1772 gold pieces.

Inventory:

Hand Weapons
 a - a +2 whip of venom
 b - the +1 demon whip of Ubutar (weapon) {slash, Dex+2}
   (Okawaru gifted it to you on level 11 of the Dungeon)

   It inflicts extra damage upon your enemies.
   It affects your dexterity (+2).
 s - a +6 broad axe of chopping
 O - a +1 trident of venom
 R - a +2 mace of holy wrath
Missiles
 h - 696 stones
 F - 2 javelins (quivered)
Armour
 c - a +0 shield (worn)
 x - a +2 pair of boots (worn)
 A - a scarf of resistance (worn)
 B - a scarf of spirit shield
 H - a +2 ring mail of magic resistance
 L - a +0 crystal plate armour (worn)
 S - a +2 helmet (worn)
 T - a +0 pair of gloves of dexterity (worn)
Jewellery
 d - an uncursed ring of protection from fire {unknown}
 m - an amulet of rage (around neck)
 t - the ring "Wurogut" (left hand) {rPois rF+ MR+ Str+4 Int+5}
   (You found it on level 6 of the Lair of Beasts)

   [ring of protection from fire]

   It affects your strength (+4).
   It affects your intelligence (+5).
   It protects you from fire.
   It protects you from poison.
   It affects your resistance to hostile enchantments.
 z - a ring of protection from cold (right hand)
 C - a +5 ring of dexterity
 I - an uncursed ring of wizardry
 J - the ring of Kyuclaur {rN+ Dex+2}
   (You found it on level 4 of the Dungeon)

   [ring of dexterity]

   It affects your dexterity (+2).
   It protects you from negative energy.
 U - an uncursed ring of resist corrosion {unknown}
 V - a +3 ring of protection
Wands
 k - a wand of paralysis (14)
 w - a wand of acid (4)
 y - a wand of disintegration (48)
 M - a wand of digging (7)
 Q - a wand of iceblast (11)
 X - a wand of flame (19)
Scrolls
 e - 5 scrolls of remove curse
 j - 7 scrolls of enchant weapon
 l - 4 scrolls of summoning
 n - a scroll of magic mapping
 o - 3 scrolls of blinking
 u - 3 scrolls of teleportation
 v - 4 scrolls of enchant armour
 D - a scroll of fear
 Y - a scroll of silence {unknown}
Potions
 g - 11 potions of curing
 i - a potion of brilliance
 p - 4 potions of magic
 r - 3 potions of invisibility
 E - 3 potions of agility
 G - 2 potions of cancellation
 K - 2 potions of resistance
 P - a potion of berserk rage
 W - 2 potions of lignification {unknown}
 Z - 2 potions of might
Comestibles
 f - 20 rations


   Skills:
 + Level 11.6(16.6) Fighting
 * Level 15.9(20.9) Maces & Flails
 - Level 1.0(6.0) Polearms
 - Level 2.2(7.2) Throwing
 + Level 10.4(15.4) Armour
 * Level 8.3(13.3) Dodging
 + Level 14.3(19.3) Shields
 + Level 5.0 Invocations
 - Level 1.4 Evocations


You had 14 spell levels left.
You didn't know any spells.
Your spell library contained the following spells:

 Spells                   Type           Power        Failure   Level  Hunger
 Animate Skeleton         Necr           N/A          99%         1    ##.....
 Apportation              Tloc           #.....       99%         1    ##.....
 Confusing Touch          Hex            #.....       99%         1    ##.....
 Freeze                   Ice            #...         99%         1    ##.....
 Magic Dart               Conj           #...         99%         1    ##.....
 Shock                    Conj/Air       #...         99%         1    ##.....
 Sting                    Conj/Pois      #...         99%         1    ##.....
 Summon Small Mammal      Summ           #...         99%         1    ##.....
 Call Imp                 Summ           #.......     100%        2    ###....
 Swiftness                Chrm/Air       #.......     100%        2    ###....
 Throw Frost              Conj/Ice       #.....       100%        2    ###....
 Call Canine Familiar     Summ           #.......     100%        3    ####...
 Ozocubu's Armour         Chrm/Ice       #.......     100%        3    ####...
 Recall                   Summ/Tloc      N/A          100%        3    ####...
 Static Discharge         Conj/Air       #.......     100%        3    ####...
 Summon Guardian Golem    Hex/Summ       #.......     100%        3    ####...
 Airstrike                Air            #.........   100%        4    #####..
 Summon Ice Beast         Ice/Summ       #.......     100%        4    #####..
 Summon Lightning Spire   Summ/Air       #.......     100%        4    #####..
 Throw Icicle             Conj/Ice       #.......     100%        4    #####..
 Lightning Bolt           Conj/Air       #.........   100%        5    ######.
 Summon Forest            Summ/Tloc      #.........   100%        5    ######.
 Iron Shot                Conj/Erth      #.........   100%        6    #######
 Ignition                 Fire           #.........   100%        8    #######
 Shatter                  Erth           #.........   100%        9    #######
 Tornado                  Air            #.........   100%        9    #######


Dungeon Overview and Level Annotations

Branches:
Dungeon (11/15)            Temple (0/1) D:4            Lair (6/6) D:11
 Shoals (0/4) Lair:2        Snake (2/4) Lair:3        Slime (0/5) Lair:5
    Orc (0/2) D:10

Altars:
Ashenzari
Dithmenos
Elyvilon
Gozag
Kikubaaqudgha
Okawaru
Qazlal
Ru
Uskayaw
Wu Jian
Xom
The Shining One

Shops:
D:3 *   D:10 (

Portals:
Trove: D:10 (give 6 potions of haste)

Annotations:
Lair:1 exclusion: oklob plant
Snake:2 Louise


Innate Abilities, Weirdness & Mutations

You are resistant to torment.
Your stone body is resilient. (AC +11)
You are immune to poison.
Your large and strong wings let you fly indefinitely.
You resist negative energy. (rN+)
You are resistant to electric shocks. (rElec)
You can survive without breathing.
You are immune to petrification.
You are immune to rotting.


Message History

A chorus of shrieks assaults your mind.
* * * LOW HITPOINT WARNING * * *
You feel much better.
The starcursed mass engulfs you but does no damage.
You block the starcursed mass's attack.
A starcursed mass splits.
A small abomination comes into view.
A chorus of shrieks assaults your mind. A chorus of shrieks assaults your mind.
* * * LOW HITPOINT WARNING * * *
A chorus of shrieks assaults your mind.
* * * LOW HITPOINT WARNING * * *
You feel yourself speed up.
A starcursed mass splits.
The small abomination hits you.
* * * LOW HITPOINT WARNING * * *
A starcursed mass splits.
You block the small abomination's attack.
A quasit comes into view.
A deafening chorus of shrieks assaults your mind!
You die...

#######(..##
##.X... ....#.
#..............
###..XX..........#
##...X.######### .
##...XX# #..
#......# # .## .
#...x### ..
##..@## . .
..5.....# >.. #.
........#
##.####..# # #
...# #...# # #...#
....# #.. ##


You could see 6 starcursed masses, a small abomination and a quasit.

Vanquished Creatures
  Asterion (Lair:3)
  Snorg (D:10)
  Erolcha (D:9)
  5 hydras
  2 two-headed ogres (D:11)
  3 anacondas
  2 death yaks (Lair:4)
  6 naga warriors
  3 naga sharpshooters (Snake:1)
  A thrashing horror (Abyss:3)
  An unseen horror (D:11)
  2 naga ritualists
  The ghost of DorianNounverber the Digger, a novice GrEE of Vehumet (D:6)
  3 mana vipers (Snake:1)
  A manticore (Lair:4)
  3 oklob plants
  An ugly thing (D:11)
  A cyclops (D:11)
  Maurice (D:11)
  A salamander (Snake:1)
  13 elephants
  20 black mambas
  3 guardian serpents
  29 spiny frogs
  7 naga magi
  A torpor snail (Lair:1)
  7 komodo dragons
  3 rime drakes
  A queen bee (Lair:4)
  A hornet (D:6)
  3 meliai (Lair:4)
  4 tyrant leeches (Lair:6)
  25 blink frogs
  12 hippogriffs
  3 dream sheep (Lair:2)
  2 starcursed masses (Abyss:3)
  3 wyverns
  A large abomination (Abyss:3)
  A wraith (Abyss:3)
  44 yaks
  4 hogs
  A human (D:8)
  2 basilisks
  6 vampire mosquitoes
  Duvessa (D:7)
  17 nagas
  A soldier ant (D:11)
  12 water moccasins
  3 porcupines
  2 orc warriors
  3 black bears
  A sky beast (D:10)
  2 phantoms
  3 ice beasts
  4 centaurs
  An eye of draining (D:8)
  3 ogres
  4 wolves
  13 crocodiles
  A gnoll sergeant (D:5)
  A big kobold (D:8)
  28 bullfrogs
  Blork the orc (D:4)
  A small abomination (Abyss:3)
  6 scorpions
  Dowan (D:7)
  35 killer bees
  5 howler monkeys
  7 wights
  An electric eel (Lair:6)
  2 vampire bats (D:8)
  A centaur zombie (D:11)
  7 crimson imps
  A bullfrog zombie (D:6)
  A quasit (D:11)
  Crazy Yiuf (D:7)
  14 jellies
  2 bullfrog skeletons
  6 hounds
  An orc priest (D:7)
  15 orc wizards
  3 iguanas
  Ijyb (D:4)
  7 worker ants
  A killer bee zombie (D:9)
  2 hound skeletons
  Robin (D:4)
  2 worker ant zombies
  8 gnolls
  A howler monkey skeleton (D:4)
  12 adders
  2 shadow imps
  5 oozes
  An adder zombie (D:2)
  3 worms
  2 dart slugs (D:1)
  3 leopard geckos
  25 orcs
  5 bat skeletons (D:8)
  8 giant cockroaches
  17 goblins
  12 hobgoblins
  8 jackals
  7 quokkas
  3 ball pythons
  11 bats
  4 frilled lizards
  10 kobolds
  A leopard gecko skeleton (D:8)
  2 quokka skeletons
  A quokka zombie (D:2)
  3 rats (D:1)
  A bush (Lair:5)
  2 fungi
  6 plants
624 creatures vanquished.

Vanquished Creatures (others)
  A hobgoblin (D:4)
  20 fungi
  40 plants
61 creatures vanquished.

Grand Total: 685 creatures vanquished

Notes
Turn   | Place    | Note
-------+----------+-------------------------------------------
     0 | D:1      | FlyingSalmon the Gargoyle Fighter began the quest for the
                  | Orb.
     0 | D:1      | Reached XP level 1. HP: 14/14 MP: 1/1
    88 | D:1      | Found a shattered altar of Ashenzari.
   238 | D:1      | You fall through a shaft!
   296 | D:1      | Reached XP level 2. HP: 11/19 MP: 2/2
   476 | D:1      | Reached XP level 3. HP: 23/24 MP: 3/3
  1135 | D:2      | Reached XP level 4. HP: 15/29 MP: 4/4
  1147 | D:2      | Reached skill level 3 in Maces & Flails
  1568 | D:2      | Noticed a fire elemental
  1878 | D:2      | Noticed a water elemental
  1880 | D:2      | Found a stormy altar of Qazlal.
  1881 | D:2      | Noticed an earth elemental
  1881 | D:2      | Noticed an air elemental
  2367 | D:3      | Reached XP level 5. HP: 33/33 MP: 5/5
  2517 | D:3      | Found a sacrificial altar of Ru.
  2621 | D:3      | Found an opulent altar of Gozag.
  2621 | D:3      | Found Gozag's Platinum Reserve.
  3225 | D:4      | Reached skill level 4 in Maces & Flails
  3229 | D:4      | Found a white marble altar of Elyvilon.
  3229 | D:4      | Noticed Blork the orc
  3287 | D:4      | Found a staircase to the Ecumenical Temple.
  3288 | D:4      | Noticed an ogre
  3289 | D:4      | Noticed Robin
  3358 | D:5      | Entered Level 5 of the Dungeon
  3411 | D:5      | Reached skill level 1 in Dodging
  3411 | D:5      | Reached XP level 6. HP: 11/38 MP: 6/6
  3840 | D:5      | Reached skill level 5 in Maces & Flails
  3854 | D:5      | Found an iron altar of Okawaru.
  3858 | D:5      | Became a worshipper of Warmaster Okawaru
  3917 | D:5      | Reached XP level 7. HP: 32/43 MP: 7/7
  3961 | D:5      | Paralysed by an orc warrior for 7 turns
  3993 | D:4      | Killed Robin
  4385 | D:4      | Noticed Ijyb
  4514 | D:3      | Reached skill level 6 in Maces & Flails
  4629 | D:3      | Reached * piety under Okawaru
  4629 | D:3      | Reached skill level 5 in Shields
  4900 | D:5      | Paralysed by an orc warrior for 4 turns
  4932 | D:5      | Reached XP level 8. HP: 48/48 MP: 8/8
  4946 | D:5      | Reached skill level 1 in Evocations
  4994 | D:5      | Reached skill level 7 in Maces & Flails
  5131 | D:6      | Found a runed translucent gate.
  5187 | D:6      | Noticed a hippogriff
  5188 | D:6      | Found a runed translucent gate.
  5188 | D:6      | Noticed DorianNounverber's ghost (novice GrEE)
  5189 | D:6      | Found a runed translucent gate.
  5189 | D:6      | Found an opulent altar of Gozag.
  5201 | D:6      | Reached ** piety under Okawaru
  5337 | D:6      | Reached skill level 5 in Armour
  5379 | D:6      | Reached skill level 8 in Maces & Flails
  5820 | D:6      | Reached XP level 9. HP: 44/53 MP: 9/9
  5955 | D:6      | Reached skill level 5 in Fighting
  6106 | D:7      | Noticed a hornet
  6121 | D:6      | Killed a hornet
  6121 | D:6      | Reached skill level 9 in Maces & Flails
  6544 | D:7      | Reached *** piety under Okawaru
  7410 | D:7      | Noticed Duvessa
  7410 | D:7      | Noticed Dowan
  7589 | D:8      | Found a shadowy altar of Dithmenos.
  7730 | D:8      | Identified Sif Muna's Disquisition on Harmful Slavery
  7739 | D:8      | Reached skill level 10 in Maces & Flails
  8204 | D:5      | Reached skill level 1 in Invocations
  8240 | D:5      | Reached XP level 10. HP: 57/59 MP: 11/11
  8687 | D:8      | Reached **** piety under Okawaru
  8942 | D:8      | Found an iron altar of Okawaru.
  9473 | D:8      | Found an ancient bone altar of Kikubaaqudgha.
 10291 | D:9      | Noticed Erolcha
 10396 | D:10     | Entered Level 10 of the Dungeon
 10975 | D:10     | Found a portal to a secret trove of treasure.
 11036 | D:10     | Found Uryheh's Weapon Shop.
 11038 | D:10     | Found a staircase to the Orcish Mines.
 11178 | D:10     | Noticed Snorg
 11194 | D:11     | Noticed a two-headed ogre
 11205 | D:11     | Noticed Maurice
 11207 | D:11     | Killed a two-headed ogre
 11207 | D:11     | Reached ***** piety under Okawaru
 11207 | D:11     | Reached skill level 11 in Maces & Flails
 11233 | D:10     | Killed Snorg
 11233 | D:10     | Reached skill level 1 in Throwing
 11527 | D:10     | Received a gift from Okawaru
 11546 | D:10     | Reached XP level 11. HP: 54/66 MP: 8/12
 11792 | D:11     | Noticed a cyclops
 11949 | D:4      | Killed Ijyb
 12170 | D:4      | Killed Blork the orc
 12217 | D:4      | Found an ornate altar of the Wu Jian Council.
 12222 | D:4      | Got a sparkling granite ring
 12452 | D:4      | Found a glowing golden altar of the Shining One.
 12553 | D:7      | Killed Dowan
 12800 | D:7      | Killed Duvessa
 12844 | D:7      | Found a runed translucent door.
 12845 | D:7      | Noticed Crazy Yiuf
 12856 | D:7      | Killed Crazy Yiuf
 13023 | D:9      | Killed Erolcha
 13462 | D:11     | Killed an unseen horror
 13462 | D:11     | Reached skill level 12 in Maces & Flails
 13607 | D:11     | Killed a cyclops
 13891 | D:11     | Received a gift from Okawaru
 13892 | D:11     | Got a dazzling demon whip {god gift}
 13893 | D:11     | Identified the +1 demon whip of Ubutar {slash, Dex+2}
                  | (Okawaru gifted it to you on level 11 of the Dungeon)
 13960 | D:11     | Killed Maurice
 13964 | D:11     | Identified the ring of Kyuclaur {rN+ Dex+2} (You found it
                  | on level 4 of the Dungeon)
 14374 | D:11     | Noticed a white ugly thing
 14404 | D:11     | Killed a white ugly thing
 14624 | D:11     | Found a staircase to the Lair.
 14658 | D:11     | Noticed an oklob plant
 14736 | D:11     | Noticed a two-headed ogre
 14753 | D:11     | Killed a two-headed ogre
 14811 | D:11     | Noticed an oklob plant
 15446 | D:11     | Killed an oklob plant
 15446 | D:11     | Received a gift from Okawaru
 15446 | D:11     | Reached XP level 12. HP: 65/73 MP: 11/13
 15595 | Lair:1   | Entered Level 1 of the Lair of Beasts
 15635 | Lair:1   | Reached skill level 1 in Polearms
 15721 | Lair:1   | Reached ****** piety under Okawaru
 16020 | D:11     | Reached skill level 10 in Shields
 16030 | D:11     | Reached skill level 13 in Maces & Flails
 16863 | Lair:1   | Noticed a six-headed hydra
 16900 | Lair:1   | Killed a six-headed hydra
 17792 | Lair:2   | Found a staircase to the Shoals.
 18929 | Lair:1   | Reached XP level 13. HP: 70/80 MP: 16/16
 19281 | Lair:2   | Reached skill level 5 in Invocations
 19430 | Lair:3   | Found a staircase to the Snake Pit.
 19755 | Lair:3   | Received a gift from Okawaru
 19771 | Lair:3   | Found a hide-covered altar of Uskayaw.
 19951 | Lair:3   | Reached skill level 5 in Dodging
 20562 | Lair:4   | Reached skill level 14 in Maces & Flails
 22231 | Lair:4   | Received a gift from Okawaru
 22629 | Lair:5   | Reached skill level 10 in Fighting
 23364 | Lair:5   | Found a staircase to the Slime Pits.
 23377 | Lair:5   | Gained mutation: Your large and strong wings let you fly
                  | indefinitely. [Gargoyle growth]
 23377 | Lair:5   | Reached XP level 14. HP: 76/88 MP: 13/17
 24075 | Lair:6   | Entered Level 6 of the Lair of Beasts
 25216 | Lair:5   | Received a gift from Okawaru
 25217 | Lair:5   | Got an encrusted cloak {god gift}
 25228 | Lair:5   | Identified the +2 cloak of the Stag {rPois rCorr Dex-5
                  | Slay-2} (Okawaru gifted it to you on level 5 of the Lair of
                  | Beasts)
 26135 | Lair:6   | Reached skill level 15 in Maces & Flails
 27314 | Lair:6   | Got an iridescent battleaxe
 27325 | Lair:6   | Got a bound steel ring
 27327 | Lair:6   | Identified the ring "Wurogut" {rPois rF+ MR+ Str+4 Int+5}
                  | (You found it on level 6 of the Lair of Beasts)
 27621 | Lair:6   | Identified the +5 battleaxe "Doxzoq" {speed, Str+4 Int+3}
                  | (You found it on level 6 of the Lair of Beasts)
 27917 | D:6      | Killed DorianNounverber's ghost
 28200 | Snake:1  | Entered Level 1 of the Snake Pit
 28234 | Snake:1  | Noticed Asterion
 28249 | Snake:1  | Noticed a balrug
 28286 | Lair:3   | Killed Asterion
 28286 | Lair:3   | Received a gift from Okawaru
 28372 | Lair:3   | Reached XP level 15. HP: 69/94 MP: 16/18
 28908 | Snake:1  | Received a gift from Okawaru
 28955 | Snake:1  | Reached skill level 10 in Armour
 30808 | Snake:2  | Found a shimmering altar of Xom.
 30864 | Snake:2  | Noticed Louise
 30869 | Snake:2  | Cast into level 3 of the Abyss (Louise)
 30883 | Abyss:3  | Noticed a lich
 30929 | Abyss:3  | Noticed an angel
 30947 | Abyss:3  | Noticed a cacodemon
 30961 | Abyss:3  | Noticed a bone dragon
 31123 | Abyss:3  | Killed from afar by a starcursed mass

Skill      XL: |  1  2  3  4  5  6  7  8  9 10 11 12 13 14 15 |
---------------+----------------------------------------------+-----
Maces & Flails | 3 4 5 6 8 10 11 12 13 14 15 | 15.9
Shields        | 4 5 7 8 9 10 12 13 14 | 14.3
Armour         | 4 5 7 8 9 10 | 10.4
Dodging        | 1 2 3 4 6 7 8 |  8.3
Fighting       | 4 5 6 7 9 10 11 | 11.6
Evocations     | 1 |  1.4
Invocations    | 1 4 5 |  5.0
Throwing       | 1 2 |  2.2
Polearms       | 1 |  1.0

Action                   |  1- 3 |  4- 6 |  7- 9 | 10-12 | 13-15 || total
-------------------------+-------+-------+-------+-------+-------++-------
Melee: Flail             |   150 |   277 |   476 |       |       ||   903
       Whip              |       |       |     8 |  1042 |   357 ||  1407
       Demon whip        |       |       |       |    85 |  1313 ||  1398
       Trident           |       |       |       |    66 |       ||    66
       Mace              |       |       |       |     1 |       ||     1
       Broad axe         |       |       |       |       |    39 ||    39
Throw: Stone             |       |     3 |    84 |    11 |   265 ||   363
       Javelin           |       |       |       |    50 |    88 ||   138
       Tomahawk          |       |       |       |       |   131 ||   131
Invok: Heroism           |       |       |     3 |     4 |     8 ||    15
 Abil: Evoke Berserk Rag |       |       |     7 |     1 |       ||     8
       Fly               |       |       |       |       |     1 ||     1
  Use: Scroll            |       |     7 |     3 |     7 |    12 ||    29
       Potion            |       |       |       |     1 |     5 ||     6
  Eat: Chunk             |     1 |    10 |    21 |    15 |    22 ||    69
       Ration            |       |       |       |     6 |     5 ||    11
Armor: Scale mail        |    80 |   106 |   226 |   262 |    30 ||   704
       Ring mail         |       |       |       |       |   312 ||   312
       Crystal plate arm |       |       |       |       |   206 ||   206
Dodge: Dodged            |    44 |    58 |   204 |   236 |   557 ||  1099
Block: Shield            |    71 |   148 |   286 |   390 |   964 ||  1859
